 Seeded DCSS version 0.29.1-2-gbd0b4ee654 (webtiles) character file.

Game seed: 1 (custom seed)

156 Kazon the Trooper (level 5, -4/48 (50) HPs)
             Began as a Naga Berserker on Nov 29, 2022.
             Was a Believer of Trog.
             Slain by a goblin
             ... wielding a +0 club
             ... led by Robin
              (6 damage)
             ... on level 3 of the Dungeon.
             The game lasted 00:09:06 (1582 turns).

Kazon the Trooper (Naga Berserker)                  Turns: 1582, Time: 00:09:07

HP:   -4/48 (50)    AC:  3    Str: 20    XL:     5   Next: 38%
MP:   5/5           EV: 10    Int:  7    God:    Trog [**....]
Gold: 46            SH:  0    Dex: 12    Spells: 4/4 levels left

rFire   . . .      SeeInvis +   q - +4 eveningstar (distort)
rCold   . . .      Faith    .   (no shield)
rNeg    + . .      Spirit   .   b - +0 animal skin
rPois   +          Reflect  .   k - +0 helmet
rElec   .          Harm     .   (no cloak)
rCorr   .          Rampage  .   (no gloves)
Will    .....                   (no barding)
Stlth   ++........              c - amulet of the acrobat
HPRegen 0.16/turn               r - ring of positive energy
MPRegen 0.09/turn               (no ring)

@: on berserk cooldown, slowed, lightly drained, very slow
A: AC +1, large, see invisible, deformed body, poison resistance, slowness 2,
spit poison 1, naga tail 1
a: Spit Poison, Renounce Religion, Berserk, Trog's Hand


You were on level 3 of the Dungeon.
You worshipped Trog.
Trog was pleased with you.
You visited 1 branch of the dungeon, and saw 3 of its levels.

You collected 230 gold pieces.
You spent 184 gold pieces at shops.

Inventory:

Hand Weapons
 a - a +0 falchion
 e - a +2 dagger of venom
 p - the +3 falchion of Winter {venom, rCorr}
   (You bought it in a shop on level 3 of the Dungeon)

   It poisons the flesh of those it strikes.
   rCorr:     It protects you from acid and corrosion.
 q - a +4 eveningstar of distortion (weapon)
Missiles
 g - 26 stones
 h - a throwing net
 o - 3 boomerangs
Armour
 b - a +0 animal skin (worn)
 k - a +0 helmet (worn)
Jewellery
 c - an amulet of the acrobat (around neck)
 r - a ring of positive energy (left hand)
Scrolls
 i - 6 scrolls of identify {unknown}
 j - a scroll of fog {unknown}
 m - a scroll of immolation {unknown}
Potions
 d - a potion of haste {unknown}
 f - a potion of attraction {unknown}
 l - 2 potions of berserk rage {unknown}
 n - a potion of flight {unknown}


   Skills:
 + Level 3.7 Fighting
 + Level 3.4 Long Blades
 + Level 3.0 Maces & Flails
 + Level 1.7 Armour
 + Level 2.1 Dodging
 + Level 2.0 Stealth


You had 4 spell levels left.
You didn't know any spells.
Your spell library was empty.

Dungeon Overview and Level Annotations

Branches:
Dungeon (3/15)

Altars:

Shops:
D:3 (

Annotations:
D:3 Robin


Innate Abilities, Weirdness & Mutations

Your serpentine skin is tough. (AC +1)
You have supernaturally acute eyesight. (SInv)
Armour fits poorly on your strangely shaped body.
Your system is resistant to poisons. (rPois)
You cover ground very slowly.
You can spit poison.
You have a snake-like lower body.


Message History

The goblin attacks as you move away! The goblin hits you with a +0 club.
You are no longer berserk.
You are exhausted.
You feel yourself slow down. Robin throws the goblin at you!
The goblin misses you.
The goblin unwields a +1 sling of flaming.
It stops flaming.
The goblin wields a +0 dagger.
The goblin misses you.
Items here: ))) †††.
You barely miss Robin.
Robin hits you with a +2 short sword of draining.
* * * LOW HITPOINT WARNING * * *
You partially resist.
You feel drained. The goblin closely misses you. The goblin barely misses you.
Robin hits you with a +2 short sword of draining.
* * * LOW HITPOINT WARNING * * *
You partially resist.
You feel drained. The goblin hits you but does no damage.
The goblin barely misses you.
You closely miss Robin. Robin closely misses you. The goblin barely misses you.
The goblin hits you but does no damage. The goblin hits you with a +0 dagger.
* * * LOW HITPOINT WARNING * * *
The goblin hits you but does no damage.
You barely miss Robin. The goblin hits you with a +0 dagger.
* * * LOW HITPOINT WARNING * * *
The goblin barely misses you. Robin barely misses you.
The goblin closely misses you. The goblin hits you with a +0 dagger.
* * * LOW HITPOINT WARNING * * *
You bludgeon the goblin!!
You kill the goblin!
Trog accepts your kill. Robin closely misses you.
The goblin hits you with a +0 dagger.
* * * LOW HITPOINT WARNING * * *
Robin misses you. The goblin hits you with a +0 club.
* * * LOW HITPOINT WARNING * * *
The goblin hits you with a +0 dagger.
* * * LOW HITPOINT WARNING * * *
You closely miss the goblin.
The goblin no longer looks unusually strong.
Robin hits you but does no damage. You partially resist.
The goblin hits you with a +0 club.
You die...

..#........ #.#.......#
#.........# #........#
#........###.# ##
###.......... # ..#
g........g# #...# ........gg#
....## #########@# .....# #g#
......##########.# ######
..............##.## #....#
...#..........+...###.##.####
...#..........##.......#.##.#
...#..........##...###......#
#.#.#.#.#.....###.>###.####.#
..............# ##..........#


You could see Robin, a hobgoblin (strong) and 2 goblins.

Vanquished Creatures
  An orc priest (D:3)
  3 gnolls (D:2)
  3 adders
  A worm (D:2)
  4 orcs (D:3)
  8 endoplasms
  A giant cockroach (D:1)
  11 goblins
  5 hobgoblins
  3 kobolds
  A quokka (D:1)
  2 ball pythons (D:2)
  4 bats
  3 frilled lizards
  6 rats
56 creatures vanquished.

Notes
Turn   | Place    | Note
-------+----------+-------------------------------------------
     0 | D:1      | Kazon the Naga Berserker began the quest for the Orb.
     0 | D:1      | Reached XP level 1. HP: 21/21 MP: 1/1
    37 | D:1      | Identified a scroll of acquirement
    37 | D:1      | Acquired a +4 eveningstar of distortion
   112 | D:1      | Reached XP level 2. HP: 28/28 MP: 2/2
   627 | D:2      | Reached XP level 3. HP: 27/34 MP: 3/3
   637 | D:2      | Reached skill level 1 in Maces & Flails
   724 | D:2      | Reached skill level 1 in Stealth
   724 | D:2      | Reached XP level 4. HP: 17/43 MP: 4/4
   905 | D:2      | Reached ** piety under Trog
  1262 | D:3      | Found Umat's Antique Weapon Boutique.
  1290 | D:3      | Bought a crude falchion for 184 gold pieces
  1290 | D:3      | Identified the +3 falchion of Winter {venom, rCorr} (You
                  | bought it in a shop on level 3 of the Dungeon)
  1469 | D:3      | Reached XP level 5. HP: 9/50 MP: 5/5
  1561 | D:3      | Noticed Robin
  1581 | D:3      | HP: 2/48 [goblin/+0 dagger[Robin] (1)]
  1582 | D:3      | Slain by a goblin

Illustrated notes

Levels and vault maps discovered:
D:1:      dpeg_arrival_three_smaller_balls, layout_basic
D:2:      layout_loops_ring
D:3:      layout_basic, serial_shops, nicolae_shop_stone, st_stairs_9,
          minmay_misc_feat_doors, eino_curves_03, uniq_robin

Skill      XL: |  1  2  3  4  5 |
---------------+----------------+-----
Maces & Flails | 1 2 3 |  3.0
Stealth        | 1 2 |  2.0
Dodging        | 2 |  2.1
Fighting       | |  3.7
Long Blades    | |  3.4
Armour         | |  1.7

Action                   |  1- 3 |  4- 6 || total
-------------------------+-------+-------++-------
Melee: Eveningstar       |    30 |    63 ||    93
       Falchion          |     1 |       ||     1
       Punch             |       |     1 ||     1
Invok: Berserk           |       |     1 ||     1
 Abil: Spit Poison       |     8 |    10 ||    18
  Use: Scroll            |     1 |       ||     1
 Stab: Sleeping          |       |     1 ||     1
Armor: Animal skin       |     6 |    13 ||    19
Dodge: Dodged            |    30 |    55 ||    85
